 Dungeon Crawl Stone Soup version 0.20.0-8-g6b59dc7 (webtiles) character file.

1354 vatarom the Blocker (level 8, 0/65 HPs)
             Began as a Formicid Fighter on June 1, 2017.
             Was an Initiate of Ru.
             Slain by an orc warrior
             ... wielding a +0 hand axe
              (9 damage)
             ... on level 6 of the Dungeon.
             The game lasted 00:11:14 (5046 turns).

vatarom the Blocker (Formicid Fighter)              Turns: 5046, Time: 00:11:14

Health: 0/65       AC:  7    Str: 21 (22) XL:     8   Next: 95%
Magic:  8/8        EV:  8    Int:  9 (10) God:    Ru [......]
Gold:   255        SH: 16    Dex:  8 (11) Spells: 7/7 levels left

rFire    . . .     SeeInvis +   a - +1 long sword
rCold    + . .     Gourm    .   d - +0 large shield
rNeg     + . .     Faith    .   i - +2 ring mail {rN+}
rPois    .         Spirit   .   (helmet unavailable)
rElec    .         Reflect  .   (no cloak)
rCorr    .         Harm     .   (no gloves)
MR       .....                  (no boots)
Stlth    ..........             (no amulet)
Regen    0.2/turn               (no ring)
MPRegen  0.2/turn               (no ring)

@: no status effects
A: permanent stasis, dig shafts and tunnels, four strong arms, antennae 3,
clever 1, cold resistance 1, screaming 1
a: Dig, Shaft Self, Renounce Religion


You were on level 6 of the Dungeon.
You worshipped Ru.
Ru was noncommittal.
You were not hungry.

You visited 2 branches of the dungeon, and saw 7 of its levels.

You collected 255 gold pieces.

Inventory:

Hand Weapons
 a - a +1 long sword (weapon)
Armour
 d - a +0 large shield (worn)
 i - a +2 ring mail of positive energy (worn)
Scrolls
 b - 2 scrolls of amnesia
 e - 4 scrolls of enchant armour
 g - 5 scrolls of identify
 k - 3 scrolls of enchant weapon
 m - 2 scrolls of fog
 p - a scroll of remove curse
Comestibles
 f - a bread ration
 j - 3 royal jellies
 l - 2 meat rations
 o - a fruit


   Skills:
 - Level 6.7 Fighting
 + Level 6.4 Long Blades
 - Level 3.2 Armour
 * Level 8.3 Shields


You had 7 spell levels left.
You didn't know any spells.

Dungeon Overview and Level Annotations

Branches:
Dungeon (6/15)             Temple (1/1) D:5

Altars:
Ashenzari
Cheibriados
Dithmenos
Elyvilon
Fedhas
Gozag
Hepliaklqana
Kikubaaqudgha
Makhleb
Nemelex Xobeh
Okawaru
Qazlal
Ru
Sif Muna
Trog
Uskayaw
Vehumet
Xom
Yredelemnul
Zin
The Shining One


Innate Abilities, Weirdness & Mutations

You cannot be hasted, slowed, berserked, paralysed or teleported.
You can dig through walls and to a lower floor.
Your four strong arms can wield two-handed weapons with a shield.
You have a pair of large antennae on your head. (SInv)
Your mind is acute. (Int +2)
Your flesh is cold resistant. (rC+)
You occasionally shout uncontrollably at your foes.


Message History

You miss the orc warrior.
You feel less invigorated.
You feel less confused.
The orc warrior hits you with a hand axe!
Your shield prevents you from hitting the orc warrior.
You block the orc warrior's attack.
You barely miss the orc warrior.
The orc warrior hits you with a hand axe!
* * * LOW HITPOINT WARNING * * *
You hit the orc warrior.
The orc warrior is lightly wounded.
You block the orc warrior's attack.
You hit the orc warrior but do no damage.
The orc warrior is lightly wounded.
You block the orc warrior's attack.
Okay, then.
It was a potion of degeneration.
There was something very wrong with that liquid.
You feel weakened.
You feel dopey.
You feel clumsy.
The orc warrior hits you with a hand axe!
You die...

......# ##.#
......# #.#
......# #.#
......# #.##
####### #..#
#.#
##.###..###.
#..#.......
##.#.......
#@#.......
#o#..$....
#o#o......
#o.{......
##........
#.######+
#.. ##.# ..


You could see an orc warrior and 2 orcs.

Vanquished Creatures
  Eustachio (D:4)
  An ogre (D:5)
  A centaur (D:3)
  Blork the orc (D:5)
  5 scorpions
  A howler monkey (D:5)
  3 orc priests (D:5)
  5 hounds
  2 bullfrog skeletons
  Natasha (twice) (D:4)
  2 orc wizards (D:5)
  3 worker ants
  A gnoll (D:3)
  10 adders
  3 oozes
  3 worms
  3 dart slugs
  5 leopard geckos
  14 orcs
  4 giant cockroaches
  11 goblins
  6 hobgoblins
  4 jackals (D:3)
  9 kobolds
  4 quokkas
  A ball python (D:3)
  4 bats
  6 frilled lizards
  A quokka zombie (D:5)
  9 rats
125 creatures vanquished.

Notes
Turn   | Place    | Note
-------+----------+-------------------------------------------
     0 | D:1      | vatarom the Formicid Fighter began the quest for the Orb.
     0 | D:1      | Reached XP level 1. HP: 18/18 MP: 1/1
    99 | D:1      | Reached XP level 2. HP: 24/24 MP: 2/2
   523 | D:1      | Reached XP level 3. HP: 29/29 MP: 3/3
   991 | D:2      | Reached XP level 4. HP: 35/35 MP: 4/4
  1741 | D:3      | Reached XP level 5. HP: 42/42 MP: 5/5
  1744 | D:3      | Noticed a centaur
  1763 | D:3      | Killed a centaur
  1763 | D:3      | Reached skill level 5 in Fighting
  2037 | D:3      | Reached XP level 6. HP: 51/51 MP: 6/6
  2913 | D:4      | Reached XP level 7. HP: 57/59 MP: 7/7
  3006 | D:4      | Reached skill level 5 in Long Blades
  3181 | D:4      | Gained mutation: You occasionally shout uncontrollably at your foes. [potion of mutation]
  3181 | D:4      | Gained mutation: Your flesh is cold resistant. (rC+) [potion of mutation]
  3181 | D:4      | Gained mutation: Your mind is acute. (Int +2) [potion of mutation]
  3416 | D:4      | Noticed Eustachio
  3455 | D:4      | Killed Eustachio
  3455 | D:4      | Reached skill level 5 in Shields
  3456 | D:4      | Noticed Natasha
  3468 | D:4      | Killed Natasha
  3937 | D:4      | Noticed Natasha
  3943 | D:4      | Killed Natasha
  3950 | D:5      | Entered Level 5 of the Dungeon
  3963 | D:5      | Reached XP level 8. HP: 65/65 MP: 8/8
  4002 | D:5      | Reached skill level 6 in Shields
  4110 | D:5      | Found a staircase to the Ecumenical Temple.
  4140 | D:5      | Reached skill level 7 in Shields
  4370 | D:5      | Noticed Blork the orc
  4381 | D:5      | Killed Blork the orc
  4610 | D:5      | Reached skill level 8 in Shields
  4665 | D:5      | Found a bloodstained altar of Trog.
  4683 | Temple   | Entered the Ecumenical Temple
  4821 | Temple   | Became a worshipper of Ru the Awakened
  5046 | D:6      | Slain by an orc warrior

Skill      XL: |  1  2  3  4  5  6  7  8 |
---------------+-------------------------+-----
Long Blades    | 3 4 5 6 |  6.4
Fighting       | 5 6 |  6.7
Shields        | 5 8 |  8.3
Armour         | |  3.2

Action                   |  1- 3 |  4- 6 |  7- 9 || total
-------------------------+-------+-------+-------++-------
Melee: Long sword        |   113 |   189 |   258 ||   560
 Abil: Dig               |     1 |       |     1 ||     2
  Use: Scroll            |     8 |     2 |     2 ||    12
       Potion            |     1 |     4 |     6 ||    11
  Eat: Chunk             |     1 |     2 |     3 ||     6
       Bread ration      |       |     1 |     1 ||     2
Armor: Scale mail        |    39 |       |       ||    39
       Ring mail         |     3 |    78 |    53 ||   134
       Skin              |       |     3 |       ||     3
Dodge: Dodged            |    48 |    48 |    43 ||   139
Block: Shield            |    61 |   106 |       ||   167
       Large shield      |       |       |   189 ||   189
       Rpst.: Long sword |    18 |    12 |    18 ||    48
